 Dungeon Crawl Stone Soup version 0.31-a0-986-g5e6e4ef867 (webtiles) character file.

Game seed: 8742961589641257033

3732 Dordric the Grappler (level 9, -8/70 (75) HPs)
             Began as a Troll Shapeshifter on Nov 6, 2023.
             Mangled by a wight
             ... wielding a +3 war axe of freezing
              (17 damage)
             ... on level 8 of the Dungeon.
             The game lasted 00:08:49 (7506 turns).

Dordric the Grappler (Troll Shapeshifter)           Turns: 7506, Time: 00:08:50

HP:   -8/70 (75)    AC:  4    Str: 26    XL:     9   Next: 92%
MP:   8/8           EV: 10    Int:  6    God:
Gold: 331           SH:  0    Dex: 17    Spells: 8/8 levels left

rFire   . .          .
                       - Unarmed
rCold   . . .        (shield currently unavailable)
rNeg    . . .        a - +0 animal skin
rPois   +            (helmet restricted)
rElec   .            (no cloak)
rCorr   .            (gloves unavailable)
SInv    .            (boots unavailable)
Will    .....        h - amulet of magic regeneration
Stlth   +            e - +6 ring of dexterity
HPRegen 1.11/turn    z - ring of poison resistance
MPRegen 0.51/turn

%: no passive effects
@: flux-form, glowing, drained
A: glow, contaminating, large, unfitting armour, claws 3, regeneration 1, shaggy
fur 1, tough skin 1
a: Begin Untransformation


You were on level 8 of the Dungeon.
You were something dangerously unstable.
You visited 2 branches of the dungeon, and saw 9 of its levels.
You also visited: Sewer.

You collected 331 gold pieces.

Inventory:

Armour
 a - a +0 animal skin (worn)
Jewellery
 e - a +6 ring of dexterity (left claw)
 h - an amulet of magic regeneration (around neck)
 z - a ring of poison resistance (right claw)
 A - a ring of flight
Talismans
 c - a beast talisman
 d - a flux talisman (active)
Wands
 l - a wand of digging (1)
 y - a wand of charming (1)
 C - a wand of flame (23)
Scrolls
 g - a scroll of vulnerability
 i - 2 scrolls of fog
 k - 2 scrolls of blinking
 m - 4 scrolls of poison
 o - 3 scrolls of revelation
 q - a scroll of fear
 v - a scroll of teleportation
 x - 3 scrolls of enchant armour
 B - a scroll of identify
 D - a scroll of butterflies {unknown}
 E - 2 scrolls of amnesia {unknown}
Potions
 b - 3 potions of lignification
 f - a potion of attraction
 j - 2 potions of degeneration {unknown}
 n - a potion of curing {unknown}
 p - a potion of mutation {unknown}
 r - 2 potions of invisibility {unknown}
 s - a potion of berserk rage {unknown}
 t - a potion of ambrosia {unknown}
 u - 2 potions of haste {unknown}
 w - a potion of heal wounds


   Skills:
 - Level 0.7 Fighting
 - Level 1.5 Dodging
 + Level 12.8 Unarmed Combat
 - Level 7.0 Shapeshifting


You had 8 spell levels left.
You didn't know any spells.
Your spell library contained the following spells:

 Spells                   Type           Power      Damage    Failure   Level
 Lesser Beckoning         Tloc           0%         N/A       58%         2
 Gell's Gravitas          Tloc           0%         N/A       83%         3
 Teleport Other           Tloc           0%         N/A       83%         3
 Summon Ice Beast         Ice/Summ       0%         N/A       99%         4
 Summon Mana Viper        Hex/Summ       0%         N/A       100%        5
 Monstrous Menagerie      Summ           0%         N/A       100%        7


Dungeon Overview and Level Annotations

Branches:
Dungeon (8/15)             Temple (1/1) D:4           Sewer (visited)
   Lair: D:8-11

Altars:
Cheibriados
Dithmenos
Elyvilon
Fedhas
Gozag
Hepliaklqana
Kikubaaqudgha
Nemelex Xobeh
Okawaru
Qazlal
Ru
Sif Muna
Uskayaw
Vehumet
Wu Jian
Yredelemnul
Zin
The Shining One

Shops:
D:4 !

Annotations:
D:7 exclusion: 2 downstairs
D:8 3 runed translucent doors


Innate Abilities, Weirdness & Mutations

You are something dangerously unstable.
You glow with magical radiation, making you easy to see and hit.
Foes you strike become dangerously contaminated with magical radiation.
You are incapable of wielding weapons or throwing items.
You are too large for most types of armour.
You have claws for hands.
Your natural rate of healing is unusually fast.
You are covered in fur. (AC +1)
You have tough skin. (AC +1)


Message History

The wight is severely damaged.
You scratch the wight.
The wight shudders as magic cascades through it!
You destroy the wight!
The wight barely misses you.
The wight hits you with a +3 war axe of freezing!
The wight freezes you.
You are too injured to fight recklessly!
You are too injured to fight recklessly!
You are too injured to fight recklessly!
You are too injured to fight recklessly!
You are too injured to fight recklessly!
You are too injured to fight recklessly!
You are too injured to fight recklessly!
You are too injured to fight recklessly!
You are too injured to fight recklessly!
You are too injured to fight recklessly!
You are too injured to fight recklessly!
You are too injured to fight recklessly!
You are too injured to fight recklessly!
You are too injured to fight recklessly!
You scratch the wight.
The wight begins to glow.
The wight is moderately damaged.
The wight hits you with a +3 war axe of freezing.
You feel drained. The wight freezes you. The wight barely misses you.
You scratch the wight.
The wight glows dangerously bright.
The wight is severely damaged.
You scratch the wight but do no damage.
The wight shudders as magic cascades through it!!
You destroy the wight!
The wight hits you with a +3 war axe of freezing!
* * * LOW HITPOINT WARNING * * *
You feel drained.
* * * LOW HITPOINT WARNING * * *
The wight freezes you.
* * * LOW HITPOINT WARNING * * *
You closely miss the wight. The wight completely misses you.
You closely miss the wight.
The wight hits you with a +3 war axe of freezing!
You die...

#.###......## #.
#...#.......###.
##...........##.. .
##................ ..#
#................. ....
#.................
.....####...............
......)#..#.....#.......
......zp..#.##.##.......
(.....#)#......###......
.......###......##......
...##..#.......).....##.
.. #..........)...#....
. ##..#.........###...
..#....##....# ...
.....##......# ... ##.
....#... ...


You could see a wight.

Vanquished Creatures
  Pikel (D:4)
  Joseph (D:7)
  A wyvern (D:6)
  2 water moccasins
  A sky beast (D:6)
  2 black bears (D:7)
  3 orc warriors (D:7)
  3 ice beasts
  3 centaurs
  An ogre (D:6)
  A phantom (D:5)
  A kobold brigand (D:8)
  A bullfrog (D:6)
  2 scorpions (D:5)
  4 wights (D:8)
  An electric eel (D:7)
  A howler monkey (D:4)
  A gnoll bouda (D:7)
  Crazy Yiuf (D:6)
  A hound (D:5)
  An orc priest (D:7)
  Natasha (twice) (D:2)
  5 orc wizards
  2 sleepcaps
  An iguana (D:7)
  Robin (D:4)
  4 gnolls
  15 adders
  8 river rats
  A shadow imp (D:7)
  3 white imps
  4 ufetubi
  4 worms
  3 dart slugs
  25 orcs
  11 ball pythons
  9 endoplasms
  4 giant cockroaches
  17 goblins
  11 hobgoblins
  13 jackals
  6 quokkas
  4 bats
  10 frilled lizards
  13 kobolds
  12 rats
221 creatures vanquished.

Notes
Turn   | Place    | Note
-------+----------+-------------------------------------------
     0 | D:1      | Dordric the Troll Shapeshifter began the quest for the Orb.
     0 | D:1      | Reached XP level 1. HP: 18/18 MP: 0/0
   148 | D:1      | Reached XP level 2. HP: 26/26 MP: 1/1
   565 | D:1      | Reached XP level 3. HP: 32/32 MP: 2/2
   847 | D:2      | Found a hide-covered altar of Uskayaw.
  1007 | D:2      | Noticed Natasha
  1015 | D:2      | Killed Natasha
  1016 | D:2      | Reached XP level 4. HP: 40/40 MP: 3/3
  1173 | D:2      | Noticed Natasha
  1198 | D:2      | Killed Natasha
  1199 | D:2      | Reached skill level 5 in Shapeshifting
  1670 | D:3      | Reached XP level 5. HP: 46/46 MP: 4/4
  2222 | D:4      | Found a glowing golden altar of the Shining One.
  2235 | D:4      | Found Enaivol's Distillery.
  2270 | D:4      | Found a staircase to the Ecumenical Temple.
  2323 | D:4      | Found a glowing silver altar of Zin.
  2395 | D:4      | Found a snail-covered altar of Cheibriados.
  2409 | D:4      | Noticed Robin
  2430 | D:4      | Killed Robin
  2434 | D:4      | Reached XP level 6. HP: 19/54 MP: 5/5
  2585 | D:4      | Noticed Pikel
  2604 | D:4      | Killed Pikel
  2605 | D:4      | Reached skill level 5 in Unarmed Combat
  2605 | D:4      | Reached XP level 7. HP: 24/61 MP: 6/6
  2719 | D:4      | Identified the +4 pair of gloves "Gorobyne" {Harm rPois
                  | Stlth+}
  2990 | D:5      | Entered Level 5 of the Dungeon
  2990 | D:5      | Found an iron altar of Okawaru.
  3144 | D:5      | Reached skill level 6 in Unarmed Combat
  3314 | D:5      | Identified the +7 chain mail of the Nightingale {rPois
                  | Dex+2}
  3386 | D:5      | Found a glowing drain.
  3397 | Sewer    | Entered a sewer
  4175 | D:5      | Found a sacrificial altar of Ru.
  4193 | D:5      | Reached XP level 8. HP: 68/68 MP: 7/7
  4201 | D:5      | Reached skill level 7 in Unarmed Combat
  4338 | D:5      | Found a shadowy altar of Dithmenos.
  4680 | D:6      | Reached skill level 8 in Unarmed Combat
  4821 | D:6      | Found a runed translucent door.
  4822 | D:6      | Noticed Crazy Yiuf
  4829 | D:6      | Killed Crazy Yiuf
  5146 | D:6      | Reached skill level 9 in Unarmed Combat
  5172 | D:6      | Found a radiant altar of Vehumet.
  5611 | D:6      | Found an ornate altar of the Wu Jian Council.
  5709 | Temple   | Entered the Ecumenical Temple
  5820 | D:6      | Reached skill level 10 in Unarmed Combat
  5946 | D:7      | Reached XP level 9. HP: 68/75 MP: 8/8
  6029 | D:7      | Noticed Joseph
  6038 | D:7      | Killed Joseph
  6082 | D:7      | Reached skill level 11 in Unarmed Combat
  6656 | D:7      | Reached skill level 12 in Unarmed Combat
  7459 | D:8      | Found a runed translucent gate.
  7459 | D:8      | Found a runed translucent gate.
  7460 | D:8      | Found a runed translucent gate.
  7506 | D:8      | Mangled by a wight

Illustrated notes

Levels and vault maps discovered:
D:1:      elethiomel_arrival_infinity_welcomes_careful_drivers,
          layout_loops_ring
D:2:      wander_river, layout_loops_cross, basic_altar, amethyst_killhole,
          uniq_natasha
D:3:      layout_rooms, minmay_randomly_rotated_circles
D:4:      layout_cave_pools, mainiacjoe_overflow_catwalk,
          mainiacjoe_overflow_chevrons, zin_scriptorium,
          minmay_temple_entry_tees, serial_rivers,
          chequers_serial_rivers_micro_a, chequers_serial_rivers_micro_a,
          chequers_serial_rivers_room_a, chequers_serial_rivers_micro_b,
          serial_shops, shop, minmay_door_square, minivault_24, moated_statue,
          uniq_robin, uniq_pikel
D:5:      layout_basic, nicolae_dithmenos_shadow_blocks,
          nicolae_ru_great_annihilating_truth, mainiacjoe_overflow_alcove_2,
          lightli_sewer_entry_pipes
D:6:      layout_basic, nicolae_wu_jian_immortal_techniques, marbit_many_paths,
          grunt_decor_resistance, uniq_crazy_yiuf_cottage
D:7:      layout_loops_corners, kennysheep_opposing_triangles, uniq_joseph
D:8:      layout_cave_pools, nzn_makhleb_speed_demon, lemuel_round_altar,
          gammafunk_ghost_necromancy, kennysheep_nub, dk_vineyard_1,
          st_stairs_7, uniq_prince_ribbit1
Temple:   hellmonk_temple_rainy

Skill      XL: |  1  2  3  4  5  6  7  8  9 |
---------------+----------------------------+-----
Shapeshifting  | 4 5 6 7 |  7.0
Unarmed Combat | 5 6 10 12 | 12.8
Fighting       | |  0.7
Dodging        | |  1.5

Action                     |  1- 3 |  4- 6 |  7- 9 || total
---------------------------+-------+-------+-------++-------
  Melee: Unarmed           |    94 |   145 |   356 ||   595
         Long sword        |       |    10 |       ||    10
         Punch             |       |     2 |       ||     2
    Use: Potion            |       |     2 |     1 ||     3
         Scroll            |       |       |     9 ||     9
   Stab: Sleeping          |       |     3 |       ||     3
         Invisible         |       |       |     1 ||     1
         Paralysed         |       |       |     1 ||     1
 Armour: Animal skin       |    52 |   139 |   237 ||   428
  Dodge: Dodged            |    43 |    93 |   140 ||   276
   Form: Flux              |     1 |       |     1 ||     2
         Beast             |     1 |       |       ||     1

Table legend: (Time is in decaauts)
 A = Elapsed time spent in this place.
 B = Non-inter-level travel time spent in this place.
 C = Inter-level travel time spent in this place.
 D = Time resting spent in this place.
 E = Time spent auto-exploring this place.
 F = Levels seen in this place.
 G = Mean time per level.
                   A        B        C        D        E       F      G
               +--------+--------+--------+--------+--------+-----+--------+
         Total |   7461 |   6861 |    600 |    144 |   5272 |  10 |  746.1 |
       Dungeon |   6751 |   6152 |    599 |    144 |   4883 |   8 |  843.9 |
        Temple |     17 |     17 |      0 |      0 |      0 |   1 |   17.0 |
         Sewer |    692 |    692 |      0 |      0 |    389 |   1 |  692.0 |
               +--------+--------+--------+--------+--------+-----+--------+

Top non-repeatable levels by time:
     D:7: 1323 daAuts
     D:6: 1228 daAuts
     D:5: 962 daAuts
     D:1: 835 daAuts
     D:4: 787 daAuts
     D:2: 769 daAuts
   Sewer: 692 daAuts
     D:3: 622 daAuts
     D:8: 222 daAuts
  Temple: 17 daAuts
